 Dungeon Crawl Stone Soup version 0.21.1-1-g345015f (webtiles) character file.

95 pk666 the Magician (level 4, -5/24 HPs)
             Began as a Deep Elf Wizard on Feb 13, 2018.
             Was a Follower of Sif Muna.
             Slain by Terence
             ... wielding a +5 trident of venom
              (11 damage)
             ... on level 3 of the Dungeon.
             The game lasted 00:07:18 (2849 turns).

pk666 the Magician (Deep Elf Wizard)                Turns: 2849, Time: 00:07:22

Health: -5/24      AC:  2    Str:  2 (4)  XL:     4   Next: 39%
Magic:  0/13       EV: 13    Int: 23 (24) God:    Sif Muna [*.....]
Gold:   191        SH:  0    Dex: 11 (13) Spells: 4/13 levels left

rFire    . . .     SeeInvis .   h - +0 dagger
rCold    . . .     Gourm    .   (no shield)
rNeg     . . .     Faith    .   a - +0 robe
rPois    .         Spirit   .   b - +0 hat
rElec    .         Reflect  .   (no cloak)
rCorr    .         Harm     .   (no gloves)
MR       .....                  (no boots)
Stlth    ++........             (no amulet)
HPRegen  0.08/turn              (no ring)
MPRegen  0.13/turn              (no ring)

@: lethally poisoned (-5 -> -14), very slightly contaminated, divine energy
A: no striking features
a: Stop Divine Energy, Renounce Religion


You were on level 3 of the Dungeon.
You worshipped Sif Muna.
Sif Muna was aware of your devotion.
You were not hungry.

You visited 1 branch of the dungeon, and saw 3 of its levels.

You collected 191 gold pieces.

Inventory:

Hand Weapons
 h - a +0 dagger (weapon)
Armour
 a - a +0 robe (worn)
 b - a +0 hat (worn)
Wands
 p - a wand of digging (10)
Scrolls
 m - a scroll of remove curse {unknown}
 o - a scroll of teleportation {unknown}
Potions
 e - 2 potions of degeneration
 f - a potion of berserk rage {unknown}
 g - a potion of haste {unknown}
 i - a potion of brilliance {unknown}
 j - a potion of heal wounds {unknown}
 k - a potion of mutation {unknown}
 l - 2 potions of resistance {unknown}
 q - a potion of agility {unknown}
Books
 c - a book of Minor Magic

   Spells                             Type                      Level
   a - Magic Dart                     Conjuration                  1
   b - Blink                          Translocation                2
   c - Call Imp                       Summoning                    2
   d - Slow                           Hexes                        2
   e - Conjure Flame                  Conjuration/Fire             3
   f - Mephitic Cloud                 Conjuration/Poison/Air       3
Comestibles
 d - 6 rations


   Skills:
 + Level 1.0 Short Blades
 + Level 3.1 Dodging
 - Level 2.4 Stealth
 + Level 5.1 Spellcasting
 + Level 2.2 Conjurations
   Level 1.1 Summonings
 - Level 1.1 Translocations
 * Level 1.1 Fire Magic
 * Level 1.1 Air Magic
 * Level 1.1 Poison Magic


You had 4 spell levels left.
You knew the following spells:

 Your Spells              Type           Power        Failure   Level  Hunger
a - Magic Dart            Conj           ###.         3%          1    None
b - Blink                 Tloc           N/A          9%          2    None
d - Conjure Flame         Conj/Fire      ##......     14%         3    ##.....
z - Mephitic Cloud        Conj/Pois/Air  ##......     16%         3    ##.....


Dungeon Overview and Level Annotations

Branches:
Dungeon (3/15)

Altars:
Sif Muna

Annotations:
D:3 Terence


Message History

Confirm with . or Enter, or press ? or * to list all spells.
You blink.
Sif Muna grants you divine energy.
You briefly lose access to your magic!
You feel sick.
You are unable to access your magic!
Okay, then.
You are unable to access your magic!
Okay, then.
You are unable to access your magic!
Okay, then.
* * * LOW HITPOINT WARNING * * *
You feel sick.
It was a potion of degeneration.
There was something very wrong with that liquid.
You feel weakened.
You feel dopey.
You feel clumsy.
You regain access to your magic.
* * * LOW HITPOINT WARNING * * *
You feel sick.
Terence hits you from afar with a trident of venom!
You die...

##..# ..#.## #.#..#### #
...######+#....... .#
.......@.@......######.#
........Z..............#
###....................#
#........ยง...........#
#..................)..#
#......$..............#
#.######+####.........#
.. ##+#######.####.#
#.<.....##)## #.#


You could see Terence and a hound skeleton.

Vanquished Creatures
  Jessica (D:2)
  A gnoll (D:1)
  2 worms (D:2)
  An orc (D:3)
  3 giant cockroaches
  5 goblins
  10 hobgoblins
  6 jackals (D:2)
  8 kobolds
  6 bats
  3 frilled lizards
  3 rats (D:1)
49 creatures vanquished.

Notes
Turn   | Place    | Note
-------+----------+-------------------------------------------
     0 | D:1      | pk666 the Deep Elf Wizard began the quest for the Orb.
     0 | D:1      | Reached XP level 1. HP: 10/10 MP: 7/7
   300 | D:1      | Reached XP level 2. HP: 15/15 MP: 6/9
   772 | D:1      | Reached XP level 3. HP: 19/19 MP: 7/11
   776 | D:1      | Learned a level 2 spell: Blink
   780 | D:1      | Learned a level 3 spell: Mephitic Cloud
   784 | D:1      | Learned a level 3 spell: Conjure Flame
  1169 | D:2      | Found a faded altar of an unknown god.
  1233 | D:2      | Became a worshipper of Sif Muna the Loreminder
  1233 | D:2      | Reached * piety under Sif Muna
  1443 | D:2      | Noticed Jessica
  1448 | D:2      | Killed Jessica
  1448 | D:2      | Reached skill level 5 in Spellcasting
  1582 | D:2      | Reached XP level 4. HP: 24/24 MP: 10/13
  1625 | D:2      | Reached skill level 1 in Poison Magic
  1696 | D:2      | Reached skill level 1 in Air Magic
  1957 | D:2      | Noticed an ice beast
  2266 | D:3      | Reached skill level 1 in Fire Magic
  2552 | D:2      | Reached skill level 1 in Short Blades
  2826 | D:3      | Noticed Terence
  2849 | D:3      | Slain by Terence

Skill      XL: |  1  2  3  4 |
---------------+-------------+-----
Dodging        | 3 |  3.1
Conjurations   | 2 |  2.2
Spellcasting   | 5 |  5.1
Poison Magic   | 1 |  1.1
Air Magic      | 1 |  1.1
Fire Magic     | 1 |  1.1
Short Blades   | 1 |  1.0
Stealth        | |  2.4
Summonings     | |  1.1
Translocations | |  1.1

Action                   |  1- 3 |  4- 6 || total
-------------------------+-------+-------++-------
Melee: Dagger            |       |    10 ||    10
 Cast: Magic Dart        |    80 |    74 ||   154
       Conjure Flame     |       |     2 ||     2
       Blink             |       |     2 ||     2
       Mephitic Cloud    |       |     1 ||     1
Invok: Divine Energy     |       |     5 ||     5
       Stop Divine Energ |       |     4 ||     4
  Use: Potion            |       |     1 ||     1
 Stab: Confused          |       |     1 ||     1
  Eat: Chunk             |     2 |     4 ||     6
Armor: Robe              |     3 |     5 ||     8
Dodge: Dodged            |     6 |    16 ||    22
